 Dungeon Crawl Stone Soup version 0.31-a0-675-g238779eb0a (webtiles) character file.

Game seed: 10019961045522015191

18 qw the Shooter (level 2, -1/17 HPs)
             Began as a Gargoyle Hunter on Sept 5, 2023.
             Slain by a gnoll
             ... wielding a +0 spear
              (7 damage)
             ... on level 1 of the Dungeon.
             The game lasted 00:00:11 (290 turns).

qw the Shooter (Gargoyle Hunter)                     Turns: 290, Time: 00:00:12

Health: -1/17      AC:  5    Str: 14    XL:     2   Next: 66%
Magic:  2/2        EV: 11    Int:  9    God:
Gold:   84         SH:  0    Dex: 13    Spells: 1/1 levels left

rFire   . . .        a - +0 shortbow
rCold   . . .        (shield currently unavailable)
rNeg    + . .        c - +0 leather armour
rPois   inf          (no helmet)
rElec   +            (no cloak)
rCorr   .            (no gloves)
SInv    .            (no boots)
Will    .....        (no amulet)
Stlth   +            (no ring)
HPRegen 0.22/turn    (no ring)
MPRegen 0.08/turn

%: no passive effects
@: no status effects
A: sickness immunity, AC +2, negative energy resistance 1, electricity
resistance, torment resistance 1, petrification resistance
a: no special abilities


You were on level 1 of the Dungeon.
You visited 1 branch of the dungeon, and saw 1 of its levels.

You collected 84 gold pieces.


Innate Abilities, Weirdness & Mutations

You are immune to sickness and miasma.
Your stone body is resilient. (AC +2)
You are immune to poison.
You resist negative energy. (rN+)
You are resistant to electric shocks. (rElec)
You are resistant to unholy torment.
You are immune to petrification.


   Skills:
 - Level 2.1 Fighting
 + Level 4.7 Ranged Weapons
 - Level 1.5 Dodging
 - Level 1.1 Stealth


You had one spell level left.
You didn't know any spells.
Your spell library was empty.

Inventory:

Hand Weapons
 a - a +0 shortbow (weapon)
Armour
 c - a +0 leather armour (worn)
 f - a +0 ring mail
Scrolls
 b - a scroll of butterflies
 d - a scroll of teleportation {unknown}
Potions
 e - a potion of curing {unknown}
 g - a potion of enlightenment {unknown}

Dungeon Overview and Level Annotations

Branches:
Dungeon (1/15)

Altars:


Message History

The arrow barely misses the jackal.
The arrow barely misses the gnoll.
A jackal comes into view.
The jackal bites you but does no damage.
Enter note:
Enter note:
283 |||
Found retreat position at 0,-2 (floor) with 0 blocking monsters and 2 monsters attacking at destination at distance 2
Enter note:
Enter note:
283 ||| Stepping ~*~*~tactically~*~*~ (retreating).
The jackal barely misses you.
You shoot an arrow. The arrow hits the jackal.
The jackal is almost dead.
The jackal barely misses you. x3
The jackal bites you but does no damage.
Enter note:
Enter note:
285 |||
Found retreat position at 0,-1 (floor) with 0 blocking monsters and 2 monsters attacking at destination at distance 1
285 ||| Stepping ~*~*~tactically~*~*~ (retreating).
You shoot an arrow. The arrow hits the jackal.
The jackal is severely wounded.
The jackal barely misses you. x2
You shoot an arrow. The arrow hits the jackal.
You kill the jackal!
The gnoll misses you.
You shoot an arrow.
The arrow hits the jackal but does no damage.
The jackal is severely wounded.
The jackal bites you. The gnoll closely misses you. The jackal bites you.
The gnoll barely misses you.
You shoot an arrow. The arrow hits the jackal.
The jackal is almost dead.
The jackal closely misses you.
The gnoll hits you from afar with a +0 spear!
The jackal barely misses you.
You shoot an arrow. The arrow barely misses the jackal.
The arrow hits the jackal.
The jackal is lightly wounded.
The jackal bites you but does no damage.
The gnoll hits you from afar with a +0 spear!
You die...

.####...#.#.#.##.######
... ......#.#.........#
..# ..#.# #.####.####.#
.. ... #.# #.# #.# ###
#^# #.# #.# #.# #.# #.#
#.# #.# #.# #.# #.# #@#
#.# #..####h# #.#
..h.=.gh# #.######
........# #......#
.$...$..##~~~~~~~~~#
..>.....##~#~~~~~#~#
#######.##~#~###~# #.##
#~~ ~# #.. ~~~ ~


You could see a gnoll and 2 jackals.

Vanquished Creatures
  A ball python (D:1)
  An endoplasm (D:1)
  A goblin (D:1)
  2 hobgoblins (D:1)
  2 jackals (D:1)
  A quokka (D:1)
  3 bats (D:1)
  4 kobolds (D:1)
  A rat (D:1)
16 creatures vanquished.

Notes
Turn   | Place    | Note
-------+----------+-------------------------------------------
     0 | D:1      | qw the Gargoyle Hunter began the quest for the Orb.
     0 | D:1      | Reached XP level 1. HP: 12/12 MP: 1/1
     0 | D:1      | 0 ||| qw: Version: 0.3-a-75-g829b12e
     0 | D:1      | 0 ||| qw: Game counter: 118
     0 | D:1      | 0 ||| qw: Melee chars always use a shield: true
     0 | D:1      | 0 ||| qw: God list: Okawaru
     0 | D:1      | 0 ||| qw: Allow faded altars: false
     0 | D:1      | 0 ||| qw: Do Orc after clearing Dungeon:15 true
     0 | D:1      | 0 ||| qw: Do second Lair branch before Depths: true
     0 | D:1      | 0 ||| qw: Lair rune preference: random
     0 | D:1      | 0 ||| qw: Goals: Normal
     0 | D:1      | 0 ||| PLANNING D:1-11
    82 | D:1      | Reached XP level 2. HP: 17/17 MP: 2/2
   283 | D:1      | 283 ||| Stepping ~*~*~tactically~*~*~ (retreating).
   285 | D:1      | 285 ||| Stepping ~*~*~tactically~*~*~ (retreating).
   290 | D:1      | Slain by a gnoll

Levels and vault maps discovered:
D:1:      saegor_arrival_miasma, layout_basic, minmay_crystal_water,
          minmay_circled_x

Action                     || total
---------------------------++-------
   Fire: Shortbow          ||    57
 Armour: Leather armour    ||    20
  Dodge: Dodged            ||    24

Table legend:
 A = Non-vault XP
 B = Vault XP
 C = Vault XP percentage of total XP
 D = Non-vault monster count
 E = Vault monster count
 F = Vault count percentage of total count
                 A         B        C        D         E       F
            +---------+---------+-------+---------+---------+-------
      Total |      19 |       7 |  26.9 |      12 |       4 |  25.0
            +---------+---------+-------+---------+---------+-------
        D:1 |      19 |       7 |  26.9 |      12 |       4 |  25.0
            +---------+---------+-------+---------+---------+-------
